[ PARTIDA AOE2 · #507992827 ]
UnrankedIndostaníes vs Wei
Equipo del jugador · VICT
Equipo rival · DERR
[ ANÁLISIS DE REPETICIÓN · EXTRAÍDO DE LA PARTIDA GRABADA ]
Feudal
—
Castillos
—
Imperial
—
| APM promedio | 40.9 |
| APM pico | 65 |
| eAPM promedio | 14.9 |
| Aldeanos / militares | 26 / 5 |
Foco
⚔️ 37.0% · 🌾 63.0%
Militia ×5
Feudal
—
Castillos
—
Imperial
—
| APM promedio | 43.4 |
| APM pico | 68 |
| eAPM promedio | 18.2 |
| Aldeanos / militares | 50 / 0 |
Foco
⚔️ 20.1% · 🌾 79.9%
Mapa de la partida
Recursos iniciales + cada clic de construcción. Líneas = muros · curvas = relieve. ◆ oro · ⬟ piedra · ● bayas · ✦ reliquia · ◌ hueco del cierre
Tu base
Base de TheOne
Terreno inicial suavizado · ◌ = hueco del cierre detectado · pasá el cursor para detalles
Inputs por minuto
— [RGV]saltychobos - - TheOne
Build order — [RGV]saltychobos
47 acciones detectadas en el replay
| 0:00 | Encolar | Villager (Male) |
| 0:04 | Construir | House |
| 0:05 | Construir | House |
| 0:24 | Encolar | Villager (Male) |
| 0:24 | Encolar | Villager (Male) |
| 0:24 | Encolar | Villager (Male) |
| 1:09 | Encolar | Villager (Male) |
| 1:09 | Encolar | Villager (Male) |
| 1:29 | Encolar | Villager (Male) |
| 1:30 | Encolar | Villager (Male) |
| 1:56 | Construir | Lumber Camp |
| 2:00 | Encolar | Villager (Male) |
| 2:00 | Encolar | Villager (Male) |
| 2:19 | Encolar | Villager (Male) |
| 2:20 | Encolar | Villager (Male) |
| 3:16 | Encolar | Villager (Male) |
| 3:16 | Encolar | Villager (Male) |
| 3:16 | Encolar | Villager (Male) |
| 3:51 | Construir | House |
| 4:07 | Encolar | Villager (Male) |
| 4:19 | Encolar | Villager (Male) |
| 4:36 | Construir | Barracks |
| 4:58 | Construir | House |
| 5:04 | Construir | House |
| 5:05 | Construir | House |
| 5:08 | Encolar | Villager (Male) |
| 5:09 | Encolar | Villager (Male) |
| 5:29 | Encolar | Militia |
| 5:30 | Encolar | Militia |
| 5:54 | Encolar | Militia |
| 5:56 | Encolar | Villager (Male) |
| 6:01 | Construir | House |
| 6:27 | Encolar | Villager (Male) |
| 6:27 | Encolar | Villager (Male) |
| 6:28 | Encolar | Militia |
| 6:28 | Encolar | Militia |
| 6:38 | Construir | Mining Camp |
| 7:16 | Encolar | Villager (Male) |
| 7:32 | Encolar | Villager (Male) |
| 7:36 | Construir | Mill |
| 7:52 | Construir | House |
| 8:03 | Encolar | Villager (Male) |
| 8:06 | Investigar | Loom |
| 8:29 | Encolar | Villager (Male) |
| 8:31 | Investigar | Loom |
| 9:17 | Investigar | Feudal Age |
| 9:24 | Construir | Mining Camp |
Build order — TheOne
62 acciones detectadas en el replay
| 0:02 | Encolar | Villager (Male) ×4 |
| 0:02 | Encolar | Villager (Male) ×4 |
| 0:02 | Encolar | Villager (Male) ×4 |
| 0:04 | Construir | House |
| 0:06 | Construir | House |
| 1:25 | Encolar | Villager (Male) |
| 1:25 | Encolar | Villager (Male) |
| 1:25 | Encolar | Villager (Male) |
| 2:02 | Construir | Lumber Camp |
| 2:03 | Encolar | Villager (Male) |
| 2:03 | Encolar | Villager (Male) |
| 2:23 | Encolar | Villager (Male) |
| 2:24 | Encolar | Villager (Male) |
| 2:24 | Encolar | Villager (Male) |
| 2:50 | Encolar | Villager (Male) |
| 2:50 | Encolar | Villager (Male) |
| 2:50 | Encolar | Villager (Male) |
| 3:05 | Encolar | Villager (Male) |
| 3:05 | Encolar | Villager (Male) |
| 3:05 | Encolar | Villager (Male) |
| 3:37 | Encolar | Villager (Male) |
| 3:37 | Encolar | Villager (Male) |
| 3:38 | Encolar | Villager (Male) |
| 3:43 | Construir | House |
| 3:44 | Construir | House |
| 4:06 | Encolar | Villager (Male) |
| 4:06 | Encolar | Villager (Male) |
| 4:27 | Encolar | Villager (Male) |
| 4:28 | Encolar | Villager (Male) |
| 4:28 | Encolar | Villager (Male) |
| 4:28 | Encolar | Villager (Male) |
| 4:31 | Construir | Mill |
| 4:43 | Encolar | Villager (Male) |
| 4:43 | Encolar | Villager (Male) |
| 4:43 | Encolar | Villager (Male) |
| 5:46 | Encolar | Villager (Male) |
| 5:55 | Encolar | Villager (Male) |
| 6:05 | Encolar | Villager (Male) |
| 6:26 | Construir | Palisade Wall |
| 6:30 | Investigar | Loom |
| 6:35 | Encolar | Villager (Male) |
| 6:36 | Encolar | Villager (Male) |
| 7:00 | Encolar | Villager (Male) |
| 7:32 | Construir | House |
| 7:39 | Construir | Palisade Wall |
| 7:49 | Encolar | Villager (Male) |
| 8:01 | Construir | House |
| 8:15 | Construir | Palisade Wall |
| 8:18 | Encolar | Villager (Male) |
| 8:25 | Construir | House |
| 8:48 | Construir | Palisade Wall |
| 8:50 | Construir | Palisade Wall |
| 8:59 | Encolar | Villager (Male) |
| 9:00 | Investigar | Feudal Age |
| 9:07 | Investigar | Loom |
| 9:07 | Investigar | Feudal Age |
| 9:30 | Encolar | Villager (Male) |
| 9:41 | Construir | Palisade Wall |
| 9:44 | Construir | Palisade Wall |
| 9:45 | Construir | Palisade Wall |
| 9:50 | Encolar | Villager (Male) |
| 9:51 | Encolar | Villager (Male) |
Cronología de la partida
| 4:36 | [RGV]saltychobos · first_building Barracks |
| 6:26 | TheOne · wall_segment Palisade Wall x6 |
| 7:39 | TheOne · wall_segment Palisade Wall x9 |
| 8:15 | TheOne · wall_segment Palisade Wall x10 |
| 8:48 | TheOne · wall_segment Palisade Wall x1 |
| 8:50 | TheOne · wall_segment Palisade Wall x1 |
| 9:41 | TheOne · wall_segment Palisade Wall x1 |
| 9:44 | TheOne · wall_segment Palisade Wall x2 |
| 9:45 | TheOne · wall_segment Palisade Wall x1 |
| 10:21 | TheOne · resign |
[ ANÁLISIS IA · 1 CRÉDITO ]
¿Qué pasó realmente en esta partida?
Wolo.gg analiza cada decisión: build order, eco, micro, errores típicos por bracket. Análisis personalizado por WhatsApp o Discord en 30 segundos.
Guía civ
Indostaníes
Perfil
Jugador #22025386